 Dungeon Crawl Stone Soup version 0.22-a0-848-ge9e22a0 (webtiles) character file.

86 Kuinu the Skirmisher (level 4, -5/41 HPs)
             Began as a Minotaur Fighter on July 26, 2018.
             Slain by Sigmund
             ... wielding a +5 scythe of flaming
              (7 damage)
             ... on level 2 of the Dungeon.
             The game lasted 00:02:37 (961 turns).

Kuinu the Skirmisher (Minotaur Fighter)              Turns: 961, Time: 00:02:38

Health: -5/41      AC:  7    Str: 26    XL:     4   Next: 27%
Magic:  12/12      EV:  7    Int:  5    God:
Gold:   82         SH: 10    Dex: 10    Spells: 3/3 levels left

rFire    . . .     SeeInvis .   a - +0 long sword
rCold    . . .     Gourm    .   c - +0 shield
rNeg     . . .     Faith    .   b - +0 scale mail
rPois    .         Spirit   .   (helmet restricted)
rElec    .         Reflect  .   (no cloak)
rCorr    .         Harm     .   (no gloves)
MR       .....                  (no boots)
Stlth    ..........             (no amulet)
HPRegen  0.13/turn              m - ring of magical power
MPRegen  0.13/turn              (no ring)

@: mighty
A: retaliatory headbutt, horns 2
a: no special abilities


You were on level 2 of the Dungeon.
You were not hungry.

You visited 1 branch of the dungeon, and saw 2 of its levels.

You collected 82 gold pieces.

Inventory:

Hand Weapons
 a - a +0 long sword (weapon)
 r - a +2 dagger of electrocution
 u - a +2 dagger of freezing
Armour
 b - a +0 scale mail (worn)
 c - a +0 shield (worn)
Jewellery
 m - a ring of magical power (left hand)
Scrolls
 e - 2 scrolls of remove curse {unknown}
 h - a scroll of enchant weapon {unknown}
 i - 2 scrolls of noise {unknown}
 j - 2 scrolls of identify {unknown}
 k - a scroll of fog {unknown}
 l - 3 scrolls of amnesia {unknown}
 n - a scroll of blinking {unknown}
 q - 3 scrolls of magic mapping {unknown}
Potions
 o - 2 potions of curing {unknown}
 p - a potion of cancellation {unknown}
 s - a potion of flight {unknown}
 t - a potion of mutation {unknown}
 v - a potion of resistance {unknown}
Comestibles
 f - 2 rations


   Skills:
 * Level 4.7 Fighting
 * Level 3.7 Long Blades
 + Level 4.1 Armour
 + Level 4.1 Shields


You had 3 spell levels left.
You didn't know any spells.
Your spell library was empty.

Dungeon Overview and Level Annotations

Branches:
Dungeon (2/15)

Altars:

Annotations:
D:2 Sigmund


Innate Abilities, Weirdness & Mutations

You reflexively headbutt those who attack you in melee.
You have a pair of horns on your head.


Message History

* * * LOW HITPOINT WARNING * * *
Something burns you.
* * * LOW HITPOINT WARNING * * *
The goblin hits you with a dagger.
* * * LOW HITPOINT WARNING * * *
You slash the goblin!
You kill the goblin!
Something hits you but does no damage. Something hits you.
* * * LOW HITPOINT WARNING * * *
Something burns you.
* * * LOW HITPOINT WARNING * * *
Things that are here:
a dagger; a goblin corpse You barely miss something.
You slash something!
You hear some strange, mumbled words.
A magic dart appears from out of thin air!
The magic dart hits you! Something hits you!
You die...

#.#######+### #...........#
#...........# #...........#
#...........# #...........#
#####+## #....{......# .......#
#.....@.....# .......#
#...........+
.......######'####....#
.....................>...
.......#.###...........#.
.........# #...........+
.........########################
.........#...........#......^....
.......#.#.#########.#.#########.


There were no monsters in sight!

Vanquished Creatures
  Terence (D:2)
  2 oozes
  A worm (D:2)
  A dart slug (D:1)
  3 leopard geckos
  2 giant cockroaches
  6 goblins
  7 hobgoblins
  2 jackals (D:2)
  5 bats
  2 frilled lizards
  5 kobolds
  6 rats
43 creatures vanquished.

Notes
Turn   | Place    | Note
-------+----------+-------------------------------------------
     0 | D:1      | Kuinu the Minotaur Fighter began the quest for the Orb.
     0 | D:1      | Reached XP level 1. HP: 19/19 MP: 0/0
    84 | D:1      | Reached XP level 2. HP: 27/27 MP: 1/1
   369 | D:1      | Reached XP level 3. HP: 33/33 MP: 2/2
   692 | D:2      | Noticed Terence
   697 | D:2      | Killed Terence
   697 | D:2      | Reached XP level 4. HP: 38/41 MP: 3/3
   945 | D:2      | Noticed Sigmund
   959 | D:2      | HP: 2/41 [something (1)]
   961 | D:2      | Slain by Sigmund

Vault maps used:
D:1:      lightli_arrival_quake
D:2:      minmay_diamond_boxcup, chequers_temple_overflow_minitemple,
          roderic_serpentine_path, uniq_terence, uniq_sigmund

Skill      XL: |  1  2  3 |
---------------+----------+-----
Fighting       | 4 |  4.7
Long Blades    | 3 |  3.7
Armour         | 4 |  4.1
Shields        | 4 |  4.1

Action                   |  1- 3 |  4- 6 || total
-------------------------+-------+-------++-------
Melee: Long sword        |    73 |    35 ||   108
       Headbutt          |     8 |     3 ||    11
  Use: Potion            |       |     1 ||     1
Armor: Scale mail        |    27 |    22 ||    49
Dodge: Dodged            |    20 |    18 ||    38
Block: Shield            |    47 |    22 ||    69
       Rpst.: Long sword |     3 |     2 ||     5

Table legend:
 A = Spawn XP
 B = Non-spawn XP
 C = Spawn XP percentage of total XP
 D = Spawn monster count
 E = Non-spawn monster count
 F = Spawn count percentage of total count
 G = Total turns spent on level
                    A         B        C        D         E        F      G
               +---------+---------+-------+---------+---------+-------+---------
         Total |       0 |     124 |   0.0 |       0 |      43 |   0.0 |   961
               +---------+---------+-------+---------+---------+-------+---------
           D:1 |       0 |      47 |   0.0 |       0 |      24 |   0.0 |   555
           D:2 |       0 |      77 |   0.0 |       0 |      19 |   0.0 |   406
               +---------+---------+-------+---------+---------+-------+---------
